 Dungeon Crawl Stone Soup version 0.29-a0-296-gda187f2e07 (webtiles) character file.

Game seed: 13326028718102715310

1281 Keinsiegistauchsieg the Cleaver (level 8, -1/70 HPs)
             Began as a Minotaur Fighter on Mar 19, 2022.
             Was an Initiate of the Shining One.
             Slain by an orc warrior
             ... wielding a +0 halberd
              (21 damage)
             ... on level 5 of the Dungeon.
             The game lasted 00:07:09 (4744 turns).

Keinsiegistauchsieg the Cleaver (Minotaur Fighter)  Turns: 4744, Time: 00:07:09

Health: -1/70      AC: 10    Str: 29    XL:     8   Next: 29%
Magic:  7/7        EV: 10    Int:  5    God:    the Shining One [......]
Gold:   177        SH:  5    Dex: 10    Spells: 7/7 levels left

rFire   . . .      SeeInvis .   a - +0 war axe
rCold   . . .      Faith    .   c - +0 buckler
rNeg    . . .      Spirit   .   b - +0 scale mail
rPois   +          Reflect  .   (helmet restricted)
rElec   .          Harm     .   (no cloak)
rCorr   .          Rampage  .   D - +0 pair of gloves
Will    +....                   y - +0 pair of boots
Stlth   ..........              (no amulet)
HPRegen 0.21/turn               o - ring "Enunah" {Will+ Str+6}
MPRegen 0.10/turn               s - ring of poison resistance

@: glowing
A: horns 2, retaliatory headbutt
a: Renounce Religion


You were on level 5 of the Dungeon.
You worshipped the Shining One.
The Shining One was noncommittal.
You visited 1 branch of the dungeon, and saw 6 of its levels.

You collected 205 gold pieces.
You spent 28 gold pieces at shops.

Inventory:

Hand Weapons
 a - a +0 war axe (weapon)
Armour
 b - a +0 scale mail (worn)
 c - a +0 buckler (worn)
 y - a +0 pair of boots (worn)
 D - a +0 pair of gloves (worn)
Jewellery
 e - a ring of ice
 l - a ring of flight
 o - the ring "Enunah" (left hand) {Will+ Str+6}
   (You found it on level 2 of the Dungeon)

   [ring of willpower]

   Str:       It affects your strength (+6).
   Will:      It increases your willpower.
 s - a ring of poison resistance (right hand)
 v - a ring of wizardry
 x - an amulet of faith
Scrolls
 f - 4 scrolls of teleportation
 g - a scroll of noise {unknown}
 h - a scroll of brand weapon
 j - a scroll of vulnerability
 n - 2 scrolls of fog {unknown}
 p - a scroll of summoning
 r - a scroll of blinking
 u - a scroll of magic mapping {unknown}
 w - a scroll of enchant armour {unknown}
Potions
 d - 3 potions of might
 i - 2 potions of heal wounds {unknown}
 k - a potion of curing {unknown}
 m - a potion of berserk rage {unknown}
 q - a potion of haste {unknown}
 t - a potion of lignification {unknown}
 z - a potion of cancellation {unknown}
 A - a potion of degeneration {unknown}
 B - a potion of attraction {unknown}
 C - a potion of brilliance {unknown}


   Skills:
 + Level 5.9 Fighting
 + Level 8.0 Axes
 + Level 7.1 Armour
 + Level 3.0 Dodging
 + Level 0.2 Stealth
 + Level 5.2 Shields


You had 7 spell levels left.
You didn't know any spells.
Your spell library contained the following spells:

 Spells                   Type           Power      Damage    Failure   Level
 Slow                     Hex            0%         N/A       80%         1
 Confusing Touch          Hex            0%         N/A       99%         3
 Vampiric Draining        Necr           0%         2d6       99%         3


Dungeon Overview and Level Annotations

Branches:
Dungeon (6/15)             Temple (0/1) D:4

Altars:
Cheibriados
Wu Jian
Xom
The Shining One

Shops:
D:1 *   D:3 [?:


Innate Abilities, Weirdness & Mutations

You have a pair of horns on your head.
You reflexively headbutt those who attack you in melee.


Message History

You slash the orc!
You kill the orc!
Unknown command.
Things that are here:
a +0 club; an orc corpse The orc warrior barely misses you.
Unknown command.
The orc warrior misses you.
You barely miss the orc warrior. You block the orc warrior's attack.
You hit the orc warrior.
You headbutt the orc warrior, but do no damage.
The orc warrior is lightly wounded.
The orc warrior completely misses you.
Unknown command.
You hit the orc warrior but do no damage.
You headbutt the orc warrior, but do no damage.
The orc warrior is lightly wounded.
The orc warrior hits you with a +0 halberd!
Unknown command.
You completely miss the orc warrior. Your headbutt misses the orc warrior.
The orc warrior is lightly wounded.
The orc warrior hits you with a +0 halberd!
You block the orc warrior's attack.
You slash the orc warrior!
The orc warrior is severely wounded.
The orc warrior hits you with a +0 halberd!
Unknown command.
You closely miss the orc warrior. You headbutt the orc warrior.
The orc warrior is severely wounded.
The orc warrior hits you with a +0 halberd!
* * * LOW HITPOINT WARNING * * *
You barely miss the orc warrior.
The orc warrior is severely wounded.
The orc warrior closely misses you. You furiously retaliate!
You headbutt the orc warrior, but do no damage.
Unknown command.
You barely miss the orc warrior.
The orc warrior is severely wounded.
The orc warrior hits you with a +0 halberd!!
You die...

#...................##
#...##...............####
.......###.................##
.......###...#..............###.
.............##.....#..........#.
.###.........##.)##..............
#............)##.....###......
#..............###............
...###....@..#.##..........
##....o#.......#.......
........#.......###.....
..#......<........##....
###....##...............
###..####...#...#..##...
.......##......##...#...
..##..#....#...##..#....... ..#..
###.........###......


You could see an orc warrior.

Vanquished Creatures
  Sigmund (D:2)
  A black bear (D:4)
  An ice beast (D:6)
  A bullfrog (D:6)
  3 scorpions
  3 killer bees (D:5)
  A howler monkey (D:6)
  2 jellies
  4 hounds
  4 iguanas
  3 gnolls (D:3)
  9 adders
  A white imp (D:5)
  An ufetubus (D:4)
  5 worms
  3 dart slugs
  10 orcs
  7 ball pythons
  4 endoplasms
  3 giant cockroaches
  9 goblins
  10 hobgoblins
  7 jackals (D:1)
  3 quokkas
  5 bats
  4 frilled lizards
  8 kobolds
  3 rats (D:2)
116 creatures vanquished.

Notes
Turn   | Place    | Note
-------+----------+-------------------------------------------
     0 | D:1      | Keinsiegistauchsieg the Minotaur Fighter began the quest
                  | for the Orb.
     0 | D:1      | Reached XP level 1. HP: 19/19 MP: 0/0
   300 | D:1      | Reached XP level 2. HP: 27/27 MP: 1/1
   682 | D:1      | Reached XP level 3. HP: 33/33 MP: 2/2
   925 | D:2      | Noticed Sigmund
   947 | D:2      | Killed Sigmund
   948 | D:2      | Reached skill level 4 in Axes
   948 | D:2      | Reached skill level 1 in Dodging
   948 | D:2      | Reached XP level 4. HP: 13/41 MP: 3/3
   948 | D:2      | Reached XP level 5. HP: 15/47 MP: 4/4
  1469 | D:2      | Reached skill level 5 in Armour
  1620 | D:2      | Identified the ring "Enunah" {Will+ Str+6}
  1729 | D:3      | Found Udotuv's Magic Scroll Shop.
  1733 | D:3      | Bought a scroll of identify for 28 gold pieces
  1751 | D:3      | Found Xechutu's Armour Emporium.
  1761 | D:3      | Reached XP level 6. HP: 49/55 MP: 5/5
  1926 | D:3      | Found Dint's Book Shoppe.
  2048 | D:3      | Found a faded altar of an unknown god.
  2135 | D:3      | Found a snail-covered altar of Cheibriados.
  2139 | D:3      | Found a glowing golden altar of the Shining One.
  2290 | D:3      | Became a worshipper of the Shining One
  2409 | D:3      | Found an ornate altar of the Wu Jian Council.
  2413 | D:3      | Reached skill level 5 in Axes
  2415 | D:3      | Found a shimmering altar of Xom.
  2819 | D:4      | Reached skill level 5 in Fighting
  3092 | D:4      | Found a staircase to the Ecumenical Temple.
  3480 | D:4      | Reached skill level 6 in Axes
  3480 | D:4      | Reached XP level 7. HP: 61/61 MP: 6/6
  3765 | D:5      | Entered Level 5 of the Dungeon
  3767 | D:5      | You fall into a shaft and drop 1 floor!
  3918 | D:6      | Reached skill level 7 in Axes
  3929 | D:5      | Reached skill level 5 in Shields
  3935 | D:5      | Reached XP level 8. HP: 33/69 MP: 7/7
  4515 | D:4      | Reached skill level 8 in Axes
  4744 | D:5      | Slain by an orc warrior

Illustrated notes

Levels and vault maps discovered:
D:1:      dpeg_arrival_tiny_a, layout_loops_ring, serial_shops, shop
D:2:      layout_rooms, serial_glass, glass_columns_a, glass_columns_a,
          due_unseen_surprise, minmay_strange_pillars, uniq_sigmund
D:3:      layout_basic, nicolae_overflow_squiral, minitemple, serial_shops,
          shop_fountains, nicolae_shop_advertising_works
          [nicolae_subvault_shop_adworks], shop_statue,
          shapermc_ecumenical_altar_mp_highgroup
D:4:      layout_cave_pods, minmay_temple_entry_statues_fountains
D:5:      layout_cave_pools, gup_sewer_entry_bowl
D:6:      layout_loops_ring

Skill      XL: |  1  2  3  4  5  6  7  8 |
---------------+-------------------------+-----
Armour         | 4 5 6 7 |  7.1
Fighting       | 4 5 |  5.9
Shields        | 4 5 |  5.2
Axes           | 4 6 7 8 |  8.0
Dodging        | 1 2 3 |  3.0
Stealth        | |  0.2

Action                   |  1- 3 |  4- 6 |  7- 9 || total
-------------------------+-------+-------+-------++-------
Melee: War axe           |    58 |   108 |    71 ||   237
       Headbutt          |    12 |    11 |    14 ||    37
  Use: Scroll            |       |     4 |     1 ||     5
Armor: Scale mail        |    29 |    54 |    43 ||   126
Dodge: Dodged            |    39 |    54 |    60 ||   153
Block: Buckler           |     7 |    28 |    27 ||    62

Table legend: (Time is in decaauts)
 A = Elapsed time spent in this place.
 B = Non-inter-level travel time spent in this place.
 C = Inter-level travel time spent in this place.
 D = Time resting spent in this place.
 E = Time spent auto-exploring this place.
 F = Levels seen in this place.
 G = Mean time per level.
                   A        B        C        D        E       F      G
               +--------+--------+--------+--------+--------+-----+--------+
         Total |   4812 |   4651 |    161 |    332 |   3390 |   6 |  802.0 |
       Dungeon |   4812 |   4651 |    161 |    332 |   3390 |   6 |  802.0 |
               +--------+--------+--------+--------+--------+-----+--------+

Top non-repeatable levels by time:
     D:4: 1416 daAuts
     D:3: 1039 daAuts
     D:1: 917 daAuts
     D:2: 844 daAuts
     D:5: 431 daAuts
     D:6: 162 daAuts
